Map: Dusty Gorge

Players

Panoralix

  • Race: Zerg Zerg
  • Spawn Location: 11:00

Nannet

  • Race: Zerg Zerg
  • Spawn Location: 9:00

Massa - Winner!

  • Race: Terran Terran
  • League: Gold
  • Spawn Location: 5:00

qqq - Winner!

  • Race: Zerg Zerg
  • League: Platinum
  • Spawn Location: 3:00

VOD

Have the link to the VOD?

Description

Time

  • Played on: April 27, 2020, 2:29 p.m.
  • Length: 16:00
Show
View Real Time Build Order
Export as new Build Order

Panoralix Zerg 

Build Orders: Hatch First 

Get SALT Encoding   

  12  0:03  Drone  
  13  0:15  Overlord  
  13  0:31  Drone  
  14  0:50  Drone  
  15  0:58  Hatchery  
  14  1:07  Spawning Pool  
  13  1:13  Drone x2  
  15  1:28  Extractor  
  15  1:29  Drone x2  
  16  1:36  Drone  
  17  1:45  Drone  
  18  1:54  Queen  
  20  2:01  Roach Warren  
  20  2:06  Drone  
  20  2:15  Queen  
  22  2:24  Drone x3  
  25  2:43  Roach  
  27  2:44  Overlord  
  27  2:45  Overlord  
  27  3:03  Roach x2  
  27  3:04  Roach x2  
  35  3:33  Drone x6  
  41  3:43  Spine Crawler  
  41  3:46  Roach x2  
  41  3:47  Spine Crawler  
  43  3:49  Overlord  
  43  4:08  Roach x2  
  43  4:09  Roach x2  
  45  4:25  Roach x3  
  45  4:28  Overlord x3  
  51  4:35  Spine Crawler  
  50  4:39  Spine Crawler  
  50  4:42  Drone  
  50  4:43  Drone  
  51  4:48  Drone  
  51  4:49  Drone  
  53  4:54  Extractor  
  52  5:10  Roach  
  52  5:11  Roach x4  
  54  5:44  Roach x5  
  54  5:45  Roach  
  42  6:15  Roach x4  
  50  6:29  Roach x3  
  44  6:43  Roach x2  
  44  6:44  Roach  
  50  6:53  Roach  
  50  7:05  Extractor  
  49  7:11  Roach x3  
  55  7:18  Drone x6  
  57  7:25  Roach x2  
  61  7:36  Roach  
  61  7:37  Roach  
  65  7:38  Roach  
  59  7:54  Roach x3  
  59  7:55  Roach  
  67  8:08  Lair  
  67  8:19  Roach x4  
  75  8:33  Extractor, Drone x2  
  76  8:36  Overlord x5  
  76  8:37  Overlord x2  
  76  8:59  Roach x4  
  76  9:00  Roach x2  
  88  9:10  Hydralisk Den  
  87  9:31  Spore Crawler  
  86  9:37  Spore Crawler  
  81  9:41  Spore Crawler  
  81  9:44  Hydralisk x2  
  81  9:45  Hydralisk x5  
  82  9:47  Spore Crawler  
  59  10:09  Hydralisk  
  59  10:15  Hatchery  
  58  10:27  Hydralisk  
  58  10:28  Hydralisk  
  62  10:46  Queen  
  64  10:50  Hydralisk x2  
  48  11:26  Hydralisk x4  
  48  11:27  Hydralisk x7  
  65  11:53  Roach x2  
  65  11:54  Roach x2  
  65  12:09  Spore Crawler  
  62  12:25  Overlord x2  
  62  12:26  Overlord  
  62  12:51  Hydralisk Den  
  62  12:53  Overlord x2  
  61  13:15  Drone x2  
  63  13:21  Hydralisk  
  65  13:30  Hydralisk  
  67  13:43  Hydralisk x3  
  73  13:51  Roach  
  75  14:19  Overlord  
  75  14:20  Overlord x3  
  75  14:23  Hatchery  
  74  14:35  Hydralisk  
  76  14:39  Overlord x3  
  76  14:52  Roach  
  78  15:01  Queen  
  78  15:05  Hydralisk  
  78  15:06  Hydralisk  
  84  15:07  Roach  
Show
View Real Time Build Order
Export as new Build Order

Nannet Zerg 

Build Orders: Hatch First, Swarm Host 

Get SALT Encoding   

  12  0:01  Drone  
  13  0:14  Overlord  
  13  0:20  Drone  
  14  0:33  Drone x2  
  16  0:36  Drone  
  17  0:58  Drone  
  17  0:59  Hatchery  
  17  1:07  Drone  
  17  1:08  Drone  
  19  1:21  Spawning Pool  
  18  1:27  Drone  
  18  1:28  Extractor  
  18  1:29  Drone  
  19  1:42  Drone  
  20  1:53  Overlord  
  21  2:08  Zergling x2  
  21  2:10  Queen  
  21  2:11  Queen  
  21  2:14  Zergling x2  
  26  2:17  Zergling x2  
  28  2:22  Zergling x2  
  28  2:25  Drone  
  29  2:32  Metabolic Boost  
  29  2:46  Queen  
  29  2:47  Drone x4  
  35  2:51  Extractor  
  34  2:59  Drone x2  
  36  3:15  Spine Crawler  
  36  3:19  Drone  
  36  3:21  Overlord  
  36  3:27  Spine Crawler  
  35  3:38  Queen  
  33  3:45  Lair  
  33  3:49  Drone x3  
  33  3:50  Drone x3  
  39  4:03  Extractor  
  39  4:05  Extractor  
  37  4:18  Zergling x2  
  37  4:19  Zergling x10  
  39  4:47  Infestation Pit  
  39  4:49  Queen  
  40  5:01  Nydus Network  
  40  5:03  Drone x4  
  40  5:04  Drone  
  40  5:05  Overlord  
  40  5:06  Overlord x2  
  36  5:49  Swarm Host x4  
  39  5:50  Swarm Host x3  
  57  6:04  Spine Crawler  
  56  6:12  Nydus Canal  
  49  7:11  Drone  
  49  7:12  Drone x7  
  49  7:13  Drone x3  
  51  7:50  Nydus Canal  
  51  7:59  Drone x6  
  51  8:05  Nydus Canal  
  58  8:20  Drone x2  
  59  8:29  Drone x2  
  59  8:32  Extractor  
  60  8:58  Hatchery  
  59  9:04  Nydus Canal  
  59  9:10  Drone  
  60  9:18  Spire  
  59  9:25  Spawning Pool  
  54  10:30  Spawning Pool, Spore Crawler  
  54  10:32  Spore Crawler  
  54  10:35  Spire  
  37  11:16  Hatchery  
  36  11:29  Drone x7  
  36  11:30  Drone x9  
  36  11:31  Drone x2  
  54  11:55  Spore Crawler x3  
  54  12:00  Spore Crawler  
  54  12:01  Spore Crawler x2  
  48  12:03  Spore Crawler, Swarm Host x2  
  48  12:04  Spore Crawler  
  52  12:28  Nydus Canal  
  52  12:30  Queen  
  54  12:41  Queen  
  54  12:43  Drone x4  
  54  12:44  Drone x4  
  64  13:20  Nydus Canal  
  64  13:26  Overlord x6  
  64  13:27  Overlord x5  
  64  13:57  Swarm Host  
  64  13:58  Swarm Host x8  
  88  14:14  Nydus Canal  
  78  15:16  Overlord x6  
  78  15:17  Overlord x3  
Show
View Real Time Build Order
Export as new Build Order

Massa Terran - Winner!

Build Orders:  

Get SALT Encoding   

  12  0:12  Supply Depot  
  12  0:13  SCV  
  13  0:25  SCV  
  14  0:34  Barracks  
  14  0:37  SCV  
  15  0:50  SCV  
  15  0:51  Supply Depot  
  16  1:00  Refinery  
  16  1:02  SCV  
  17  1:14  SCV  
  18  1:21  Refinery  
  18  1:26  SCV  
  19  1:39  SCV  
  20  1:41  Marine  
  20  1:42  Barracks  
  21  1:51  SCV  
  22  2:02  Factory, Marine  
  22  2:03  SCV  
  24  2:15  SCV  
  25  2:29  Barracks Tech Lab  
  25  2:32  Barracks Reactor  
  25  2:49  Command Center  
  25  2:59  Orbital Command  
  25  3:06  Siege Tank  
  28  3:14  Supply Depot  
  28  3:18  Supply Depot  
  29  3:34  Marine  
  29  3:38  Barracks Tech Lab  
  29  3:46  Marine  
  30  3:52  SCV, Marine  
  32  3:59  Siege Tank  
  35  4:04  SCV, Marine  
  37  4:11  Marauder  
  37  4:16  SCV  
  40  4:20  SCV  
  41  4:28  SCV  
  42  4:32  SCV, Marauder  
  42  4:34  Barracks  
  45  4:44  SCV  
  46  4:53  Marine  
  46  4:54  Marauder, Marine  
  46  4:56  SCV  
  46  4:57  Siege Tank  
  54  5:08  SCV  
  54  5:11  Marine x2  
  57  5:15  Marauder  
  59  5:29  Marine  
  60  5:36  Marine  
  61  5:43  Marauder  
  61  5:47  Marine  
  55  5:53  Marine, Supply Depot  
  55  5:55  Supply Depot  
  56  5:59  Supply Depot  
  56  6:04  Marauder  
  56  6:05  Barracks Reactor, Marine  
  59  6:11  Marine  
  60  6:25  Marine  
  60  6:55  Siege Tank  
  60  6:56  Marauder, Marine x2  
  67  7:14  Marine x2  
  69  7:18  Marauder  
  67  7:32  Marine x2  
  68  7:39  Marine  
  61  7:47  Command Center  
  54  7:57  Marauder, Siege Tank  
  56  8:08  Barracks  
  56  8:13  Supply Depot  
  56  8:18  Marauder  
  57  8:29  Siege Tank  
  52  8:40  Refinery x2, Marauder  
  54  8:43  SCV  
  55  8:55  SCV  
  55  9:06  Engineering Bay  
  55  9:07  SCV  
  56  9:12  Armory  
  56  9:19  SCV  
  57  9:31  SCV, Engineering Bay  
  58  10:01  Armory  
  58  10:06  Marauder, Marine x3  
  63  10:24  Marine x3  
  63  10:27  Marauder  
  68  10:44  Thor  
  68  10:48  Marauder  
  76  10:53  Marine x3  
  76  10:56  SCV  
  80  11:03  SCV  
  80  11:04  SCV  
  72  11:08  SCV  
  72  11:10  Marauder, Marine  
  72  11:11  Marine x2  
  60  11:16  SCV x2  
  62  11:23  Planetary Fortress  
  62  11:26  Thor  
  62  11:27  Terran Infantry Armor Level 1, Terran Infantry Weapons Level 1  
  62  11:28  SCV x2, Marine x2  
  62  11:29  Terran Vehicle And Ship Armor Level 1, Marine, Terran Vehicle Weapons Level 1  
  62  11:31  Marauder  
  62  11:32  Missile Turret  
  75  11:35  Missile Turret  
  75  11:40  SCV x2  
  75  11:46  Marine x3  
  80  11:52  SCV x2, Marauder  
  84  11:57  Barracks, Missile Turret  
  84  12:00  Missile Turret  
  84  12:04  SCV, Marine x3  
  88  12:14  Marauder, Command Center  
  90  12:16  SCV  
  90  12:22  Marine x3  
  94  12:28  SCV  
  94  12:29  Combat Shield  
  95  12:35  Marauder  
  97  12:39  Marine  
  97  12:40  SCV, Marine x2  
  97  12:41  Orbital Command  
  101  12:55  Orbital Command  
  101  13:02  Supply Depot  
  101  13:11  SCV  
  101  13:12  Marine  
  100  13:13  Marine x2  
  100  13:15  Marauder  
  101  13:26  Barracks Reactor, Supply Depot  
  101  13:30  Marine  
  101  13:31  Marine x2  
  101  13:32  Terran Infantry Armor Level 2, Barracks, Terran Infantry Weapons Level 2  
  104  13:34  Terran Vehicle Weapons Level 2  
  104  13:36  Marauder  
  106  13:48  Marine, Supply Depot  
  106  14:06  SCV  
  107  14:11  Supply Depot  
  107  14:13  Marine x2  
  109  14:18  SCV, Marauder, Marine x3  
  115  14:30  SCV  
  115  14:31  Marine x2  
  116  14:32  Barracks Reactor  
  116  14:34  Supply Depot  
  118  14:39  Marauder  
  118  14:42  SCV  
  121  14:49  Marine x2  
  123  14:55  Planetary Fortress  
  123  15:01  Marauder  
  123  15:07  Marine x2  
  125  15:22  Marauder  
  127  15:45  SCV x2  
  127  15:46  SCV x2  
Show
View Real Time Build Order
Export as new Build Order

qqq Zerg - Winner!

Build Orders: Hatch First 

Get SALT Encoding   

  12  0:08  Drone  
  12  0:10  Drone  
  14  0:37  Hatchery  
  13  0:52  Spawning Pool  
  13  0:56  Drone  
  13  1:05  Overlord  
  13  1:09  Drone  
  14  1:13  Extractor  
  14  1:17  Drone  
  14  1:25  Drone  
  15  1:33  Drone  
  16  1:41  Queen  
  18  1:48  Overlord  
  18  1:59  Queen  
  20  2:02  Zergling x2  
  20  2:07  Drone  
  22  2:11  Zergling x2  
  23  2:19  Metabolic Boost  
  23  2:32  Drone, Zergling x4  
  23  2:33  Zergling x2  
  27  2:42  Zergling x2  
  27  2:43  Zergling x2  
  29  2:50  Zergling x2  
  29  2:51  Zergling x4  
  32  2:54  Drone  
  32  2:57  Zergling x2  
  34  3:12  Zergling x2  
  35  3:13  Zergling x2  
  35  3:18  Overlord x2  
  36  3:44  Zergling x4  
  36  3:45  Zergling x2  
  36  3:46  Drone x2  
  36  3:47  Drone, Zergling x2  
  43  3:50  Lair  
  41  4:17  Zergling x10  
  40  4:18  Zergling x8  
  40  4:19  Zergling x2  
  43  4:29  Zergling x2  
  43  4:30  Zergling x2  
  43  4:41  Drone  
  44  4:48  Drone  
  45  4:58  Drone x3, Extractor, Spire  
  46  5:18  Zergling x6  
  46  5:19  Zergling x2  
  50  5:24  Drone x2  
  50  5:25  Overlord x2  
  50  5:26  Overlord  
  49  5:49  Zergling x6  
  47  5:50  Drone x2  
  46  6:13  Mutalisk x2  
  50  6:20  Drone x3  
  50  6:22  Zergling x2  
  54  6:27  Hatchery  
  48  6:44  Overseer  
  48  6:45  Mutalisk  
  48  6:46  Mutalisk  
  47  7:14  Mutalisk  
  49  7:18  Drone x3  
  49  7:21  Extractor  
  51  7:24  Extractor, Zerg Flyer Weapons Level 1  
  51  7:27  Drone x2  
  51  7:28  Drone  
  53  7:40  Drone x2  
  55  7:56  Mutalisk  
  57  7:59  Drone  
  57  8:00  Drone  
  59  8:16  Mutalisk x2  
  63  8:39  Pneumatized Carapace  
  63  8:41  Mutalisk  
  63  8:44  Zergling x12  
  63  8:45  Drone x2  
  63  8:46  Drone  
  74  9:08  Drone x2  
  76  9:12  Extractor  
  76  9:13  Mutalisk x3  
  81  9:17  Overlord x3  
  81  9:20  Hatchery  
  81  9:24  Hatchery  
  79  9:28  Hatchery  
  78  9:34  Mutalisk x2  
  78  9:36  Mutalisk  
  78  9:37  Drone x2  
  76  10:00  Mutalisk x3  
  82  10:12  Drone x3  
  78  10:23  Drone  
  78  10:39  Drone, Mutalisk x3  
  78  10:40  Mutalisk  
  78  10:42  Drone  
  88  10:50  Zerg Flyer Armor Level 1  
  88  10:53  Drone  
  89  11:03  Drone x2  
  91  11:08  Drone x3  
  91  11:11  Hatchery  
  93  11:14  Drone x2  
  93  11:15  Drone  
  94  11:40  Mutalisk x5  
  94  11:42  Drone x6  
  94  11:43  Drone x3  
  105  12:24  Mutalisk x4  
  105  12:25  Mutalisk  
  115  12:38  Mutalisk  
  115  12:40  Drone x7  
  115  12:42  Overlord x2  
  124  12:58  Extractor  
  123  12:59  Extractor  
  123  13:02  Extractor  
  121  13:20  Mutalisk x5  
  121  13:21  Mutalisk  
  121  13:25  Drone x3  
  136  13:28  Extractor  
  136  13:30  Extractor  
  134  13:34  Zerg Flyer Weapons Level 2  
  118  14:45  Mutalisk x6  
  116  14:52  Drone x5  
  129  14:53  Drone x3  
  129  14:56  Drone  
  133  15:09  Mutalisk x3  
Tags
 
Add a new tag
Caveats
  • Supply blocks, unpowered buildings, or Contaminate may cause inaccurate times.
  • Supply counts are checked every 10 seconds.